 Dungeon Crawl Stone Soup version 0.20.1-1-g8b1a95d (webtiles) character file.

72324 mickon2017 the Severer (level 15, -4/136 HPs)
             Began as a Minotaur Berserker on Sept 17, 2017.
             Was a High Priest of Trog.
             Killed from afar by a naga mage (14 damage)
             ... with a poison arrow
             ... on level 2 of the Snake Pit on Sept 18, 2017.
             The game lasted 02:34:20 (23894 turns).

mickon2017 the Severer (Minotaur Berserker)        Turns: 23894, Time: 02:34:26

Health: -4/136     AC: 24    Str: 28    XL:     15   Next: 0%
Magic:  4/14       EV: 12    Int:  4    God:    Trog [*****.]
Gold:   1024       SH:  3    Dex: 15    Spells: 14/14 levels left

rFire    . . .     SeeInvis .   a - +6 battleaxe (freeze)
rCold    . . .     Gourm    .   (shield currently unavailable)
rNeg     . . .     Faith    .   t - +8 chain mail
rPois    .         Spirit   .   (helmet restricted)
rElec    +         Reflect  +   x - scarf {repulsion}
rCorr    .         Harm     .   V - +0 pair of gloves "Kedeubis" {rElec}
MR       +....                  J - +0 pair of boots
Stlth    ..........             l - +3 amulet of reflection
Regen    0.4/turn               p - ring of stealth
MPRegen  0.2/turn               B - +5 ring of strength

@: lethally poisoned (-4 -> -27), berserk cooldown, slowed, repel missiles, very
slow
A: retaliatory headbutt, horns 2
a: Berserk, Trog's Hand, Brothers in Arms, Burn Spellbooks, Renounce Religion


You were on level 2 of the Snake Pit.
You worshipped Trog.
Trog was extremely pleased with you.
You were not hungry.

You visited 3 branches of the dungeon, and saw 19 of its levels.

You collected 1355 gold pieces.
You spent 331 gold pieces at shops.

Inventory:

Hand Weapons
 a - a +6 battleaxe of freezing (weapon)
 b - a +3 longbow of freezing
 c - a +2 dagger of flaming
Missiles
 h - 246 arrows
 S - 5 silver tomahawks
 T - 12 steel javelins (quivered)
Armour
 t - a +8 chain mail (worn)
 x - a scarf of repulsion (worn)
 J - a +0 pair of boots (worn)
 V - the +0 pair of gloves "Kedeubis" (worn) {rElec}
   (You bought it in a shop on level 11 of the Dungeon)

   It insulates you from electricity.
Jewellery
 e - an uncursed amulet of faith
 l - a +3 amulet of reflection (around neck)
 p - a ring of stealth (left hand)
 B - a +5 ring of strength (right hand)
 X - an uncursed ring of protection from fire
Wands
 g - a wand of digging (15/24)
 j - a wand of acid (5/15)
 k - a wand of disintegration (8/24)
 r - a wand of paralysis (9/24)
 u - a wand of disintegration (15/24)
 y - a wand of lightning (2/15)
 D - a wand of enslavement (5/24)
 H - a wand of acid (6/15)
Scrolls
 i - 3 scrolls of magic mapping
 o - 9 scrolls of teleportation
 q - 2 scrolls of fear
 s - a scroll of remove curse
 Y - 2 scrolls of recharging
Potions
 d - 6 potions of curing
 f - 3 potions of agility
 m - 5 potions of flight
 n - 2 potions of cancellation
 A - a potion of magic {unknown}
 I - 3 potions of haste
 K - 4 potions of resistance
 L - a potion of ambrosia {unknown}
 M - a potion of lignification {unknown}
 N - a potion of invisibility {unknown}
 R - 3 potions of might
Books
 z - a book of Power

   Spells                             Type                      Level
   a - Iskenderun's Battlesphere      Conjuration/Charms           5
   b - Venom Bolt                     Conjuration/Poison           5
   c - Bolt of Magma                  Conjuration/Fire/Earth       5
   d - Iron Shot                      Conjuration/Earth            6
   e - Orb of Destruction             Conjuration                  7
   f - Spellforged Servitor           Conjuration/Summoning        7
   Trog disapproves of the use of such an item.
Miscellaneous
 G - a lightning rod (4/4)
Comestibles
 w - 10 meat rations
 C - 5 royal jellies
 O - a fruit
 W - 10 bread rations


   Skills:
 + Level 13.5 Fighting
 + Level 18.0 Axes
 + Level 10.5 Bows
 + Level 9.8 Throwing
 + Level 13.5 Armour
 + Level 5.1 Dodging
 + Level 2.3 Stealth
   Level 4.3 Shields


You had 14 spell levels left.
You didn't know any spells.

Dungeon Overview and Level Annotations

Branches:
Dungeon (11/15)            Temple (0/1) D:4            Lair (6/6) D:10
  Swamp (0/4) Lair:2        Snake (2/4) Lair:3        Slime (0/5) Lair:6
    Orc: D:9-12

Altars:
Ashenzari
Cheibriados
Dithmenos
Fedhas
Gozag
Kikubaaqudgha
Makhleb
Qazlal
Ru
Uskayaw
Vehumet
Xom
Zin
Jiyva

Shops:
D:4 (   D:6 !   D:11 [

Annotations:
Snake:2 Aizul


Innate Abilities, Weirdness & Mutations

You reflexively headbutt those who attack you in melee.
You have a pair of horns on your head.


Message History

The naga mage looks slightly unstable.
You block the salamander's attack. You block the naga mage's attack.
The mana viper closely misses you. You furiously retaliate!
You headbutt the mana viper! The naga hits you but does no damage.
The naga constricts you.
You escape the naga's grasp.
You feel sick. The mana viper bites you!
* * * LOW HITPOINT WARNING * * *
You feel your power leaking away. The naga mage casts a spell at you.
The bolt of poison hits you!
You are more poisoned.
* * * LOW HITPOINT WARNING * * *
The salamander hits you but does no damage.
A black mamba comes into view.
* * * LOW HITPOINT WARNING * * *
You feel sick.
The black mamba hisses angrily.
The naga mage gestures at you while chanting.
The poison arrow hits you!
You are more poisoned.
You die...

#..!# #...≈≈≈...# #...#
#...≈≈≈...#
#..)###...≈≈≈...##.
#....#....≈≈≈....#. ###
#.....)...≈≈≈......
....###.......≈≈≈≈≈.....
.S....##.....≈≈≈≈≈≈≈....
.......######N≈≈≈N≈≈####
#...@.NN..N....NN)NN.
#.....S..#.#.N#####)N
##..#.N<.N..)## NN
#...##.......## #.
#..........### (
#..........# #
###....(...# #...##....#
#..#.....##


You could see a naga warrior (fleeing), a salamander, a mana viper, a black
mamba, a naga mage and 3 nagas.

Vanquished Creatures
  The ghost of Timinator the Fighter, a journeyman FoSk of Xom (Lair:4)
  2 entropy weavers (Lair:6)
  Snorg (Lair:6)
  Josephine (D:10)
  A naga warrior (Snake:1)
  A catoblepas (Lair:6)
  A hydra (Lair:1)
  7 anacondas (Snake:1)
  A queen ant (Lair:6)
  7 two-headed ogres
  A naga sharpshooter (Snake:1)
  The ghost of Dickchan the Carver, a novice MiBe of Trog (D:8)
  A salamander mystic (Snake:2)
  A naga ritualist (Snake:1)
  7 sea snakes
  An unseen horror (D:11)
  A deep elf mage (D:10)
  4 mana vipers (Snake:1)
  2 ugly things (D:11)
  2 cyclopes
  A guardian serpent (Snake:2)
  3 salamanders (Snake:2)
  12 black mambas
  A torpor snail (Lair:3)
  5 naga magi (Snake:1)
  10 komodo dragons
  A rime drake (Lair:6)
  12 spiny frogs
  2 trolls
  6 polar bears (Lair:6)
  17 blink frogs
  4 hornets
  Prince Ribbit (Lair:1)
  2 dream sheep (Lair:6)
  7 hippogriffs
  5 wraiths (D:10)
  A shadow (D:11)
  5 wyverns
  14 spriggans (Lair:6)
  42 yaks
  2 basilisks
  A vampire (D:11)
  A steam dragon (D:8)
  6 nagas
  11 soldier ants (Lair:6)
  2 insubstantial wisps (Lair:2)
  Duvessa (D:6)
  8 porcupines
  The ghost of coier the Firebug, an amateur DEFE of Vehumet (D:3)
  16 water moccasins
  6 orc warriors
  3 sky beasts
  2 ice beasts
  A necrophage (D:9)
  4 black bears (Lair:6)
  19 wolves
  4 ogres
  5 boggarts (Lair:6)
  4 centaurs
  7 crocodiles
  A big kobold (D:7)
  13 bullfrogs
  A gnoll sergeant (D:4)
  Dowan (D:6)
  7 scorpions
  10 killer bees
  9 wights
  4 electric eels
  9 howler monkeys
  5 crimson imps
  A bullfrog zombie (D:5)
  A bullfrog skeleton (D:5)
  5 hounds
  A quasit (D:6)
  2 jellies
  6 orc priests
  A gnoll shaman (D:10)
  9 orc wizards
  2 centaur skeletons
  Ijyb (D:3)
  Terence (D:3)
  2 iguanas
  Natasha (twice) (D:3)
  28 worker ants
  2 hound skeletons
  9 gnolls
  A howler monkey skeleton (D:9)
  A worker ant zombie (D:11)
  11 adders
  3 shadow imps
  An ooze (D:2)
  An adder zombie (D:9)
  4 worms
  2 dart slugs
  7 leopard geckos
  64 orcs
  7 bats
  8 giant cockroaches
  11 goblins
  19 hobgoblins
  10 jackals
  5 quokkas
  3 ball pythons
  5 frilled lizards
  15 kobolds
  A leopard gecko skeleton (D:7)
  5 rats
  A butterfly (Lair:4)
  3 fungi
  15 plants
635 creatures vanquished.

Vanquished Creatures (collateral kills)
  2 naga warriors (Snake:2)
2 creatures vanquished.

Vanquished Creatures (others)
  An orc wizard (D:6)
  4 fungi
  2 plants
7 creatures vanquished.

Grand Total: 644 creatures vanquished

Notes
Turn   | Place    | Note
-------+----------+-------------------------------------------
     0 | D:1      | mickon2017 the Minotaur Berserker began the quest for the Orb.
     0 | D:1      | Reached XP level 1. HP: 19/19 MP: 0/0
    92 | D:1      | Reached skill level 4 in Axes
   241 | D:1      | Reached XP level 2. HP: 21/27 MP: 1/1
  1190 | D:2      | Reached XP level 3. HP: 33/33 MP: 2/2
  1213 | D:2      | Found a shadowy altar of Dithmenos.
  1228 | D:2      | Reached ** piety under Trog
  1564 | D:2      | Reached skill level 1 in Throwing
  1913 | D:2      | Reached XP level 4. HP: 36/40 MP: 3/3
  2620 | D:3      | Found a glowing silver altar of Zin.
  2749 | D:3      | Reached skill level 5 in Axes
  2768 | D:3      | Noticed coier's ghost (amateur DEFE)
  2784 | D:3      | Killed coier's ghost
  2784 | D:3      | Reached XP level 5. HP: 46/47 MP: 4/4
  2899 | D:3      | Noticed Terence
  2907 | D:3      | Killed Terence
  3112 | D:3      | Noticed Natasha
  3120 | D:3      | Reached XP level 6. HP: 51/53 MP: 5/5
  3121 | D:3      | Killed Natasha
  3189 | D:3      | Noticed Ijyb
  3192 | D:3      | Found a shimmering altar of Xom.
  3196 | D:3      | Killed Ijyb
  3262 | D:3      | Found a shattered altar of Ashenzari.
  3379 | D:3      | Noticed Natasha
  3382 | D:3      | Killed Natasha
  3382 | D:3      | Reached skill level 6 in Axes
  3653 | D:4      | Found Fuucvythy's Weapon Emporium.
  3656 | D:4      | Bought a +0 war axe for 35 gold pieces
  3732 | D:4      | Found a radiant altar of Vehumet.
  3856 | D:4      | Found a staircase to the Ecumenical Temple.
  3907 | D:4      | Reached *** piety under Trog
  4065 | D:4      | Reached XP level 7. HP: 60/60 MP: 6/6
  4149 | D:4      | Reached skill level 7 in Axes
  4195 | D:4      | Reached skill level 5 in Fighting
  4542 | D:5      | Entered Level 5 of the Dungeon
  4572 | D:5      | Reached skill level 5 in Armour
  4874 | D:5      | Found a snail-covered altar of Cheibriados.
  5060 | D:5      | Reached **** piety under Trog
  5306 | D:5      | Reached skill level 8 in Axes
  5365 | D:5      | Reached XP level 8. HP: 69/69 MP: 7/7
  5615 | D:6      | Reached skill level 9 in Axes
  5915 | D:6      | Found Qiutig's Distillery.
  5918 | D:6      | Bought a potion of heal wounds for 70 gold pieces
  5918 | D:6      | Bought a potion of might for 56 gold pieces
  6055 | D:6      | Noticed Duvessa
  6056 | D:6      | Noticed Dowan
  6062 | D:6      | Killed Duvessa
  6062 | D:6      | Reached skill level 1 in Shields
  6066 | D:6      | Killed Dowan
  6123 | D:6      | Found an ancient bone altar of Kikubaaqudgha.
  6148 | D:6      | Reached skill level 10 in Axes
  6485 | D:7      | Reached ***** piety under Trog
  6526 | D:7      | Reached XP level 9. HP: 70/78 MP: 8/8
  6651 | D:7      | Received a gift from Trog
  6768 | D:7      | Reached skill level 1 in Stealth
  6769 | D:7      | Found an opulent altar of Gozag.
  6905 | D:7      | Received a gift from Trog
  7019 | D:7      | Reached skill level 5 in Throwing
  7162 | D:7      | Reached skill level 11 in Axes
  7671 | D:8      | Found a stormy altar of Qazlal.
  7673 | D:8      | Found a sacrificial altar of Ru.
  7726 | D:8      | Found a blossoming altar of Fedhas.
  8407 | D:8      | Found a hide-covered altar of Uskayaw.
  8407 | D:8      | Found a burning altar of Makhleb.
  8420 | D:8      | Noticed Dickchan's ghost (novice MiBe)
  8430 | D:8      | Killed Dickchan's ghost
  8430 | D:8      | Reached XP level 10. HP: 86/86 MP: 9/9
  8647 | D:9      | Noticed a two-headed ogre
  8647 | D:9      | Received a gift from Trog
  8657 | D:9      | Killed a two-headed ogre
  8657 | D:9      | Reached skill level 12 in Axes
  8838 | D:9      | Noticed a two-headed ogre
  8847 | D:9      | Killed a two-headed ogre
  9247 | D:9      | Noticed a two-headed ogre
  9368 | D:9      | Noticed a two-headed ogre
  9377 | D:9      | Killed a two-headed ogre
  9449 | D:9      | Killed a two-headed ogre
  9687 | D:10     | Entered Level 10 of the Dungeon
  9801 | D:10     | Noticed Josephine
  9811 | D:10     | Killed Josephine
  9811 | D:10     | Reached XP level 11. HP: 93/94 MP: 10/10
  9843 | D:10     | Reached skill level 13 in Axes
  9967 | D:10     | Found a staircase to the Lair.
 10244 | D:10     | Noticed a two-headed ogre
 10252 | D:10     | Killed a two-headed ogre
 10363 | D:10     | Noticed a deep elf mage
 10371 | D:10     | Received a gift from Trog
 10381 | D:10     | Killed a deep elf mage
 10600 | D:10     | Paralysed by a centaur for 5 turns
 10621 | D:10     | Noticed a two-headed ogre
 10629 | D:10     | Killed a two-headed ogre
 10629 | D:10     | Reached skill level 10 in Armour
 10632 | D:10     | Noticed a two-headed ogre
 10650 | D:10     | HP: 3/97 [two-headed ogre/giant spiked club (11)]
 10656 | D:10     | Killed a two-headed ogre
 11083 | D:10     | Reached skill level 14 in Axes
 11283 | D:11     | Noticed a green ugly thing
 11292 | D:11     | Killed a green ugly thing
 11422 | D:11     | Killed an unseen horror
 11626 | D:11     | Reached XP level 12. HP: 103/105 MP: 11/11
 11673 | D:11     | Received a gift from Trog
 12088 | D:11     | Found Elasogu's Armour Shop.
 12109 | D:11     | Bought the cursed +0 pair of gloves "Kedeubis" {rElec} for 170 gold pieces
 12372 | Lair:1   | Entered Level 1 of the Lair of Beasts
 12389 | Lair:1   | Received a gift from Trog
 12577 | Lair:1   | Noticed Prince Ribbit
 12593 | Lair:1   | Killed Prince Ribbit
 12639 | Lair:1   | Reached skill level 15 in Axes
 12940 | Lair:1   | Received a gift from Trog
 13659 | Lair:1   | Reached skill level 1 in Bows
 13670 | Lair:1   | Reached skill level 10 in Fighting
 14352 | Lair:1   | Noticed a seven-headed hydra
 14361 | Lair:1   | Killed a seven-headed hydra
 14771 | Lair:2   | Found a staircase to the Swamp.
 15551 | Lair:3   | Found a staircase to the Snake Pit.
 15664 | Lair:3   | Got a slimy shortbow
 15665 | Lair:3   | Identified the +0 shortbow "Juykorub" {venom, Fragile +Blink +Inv rN+} (You found it on level 3 of the Lair of Beasts)
 16081 | Lair:3   | Paralysed by a hornet for 3 turns
 16735 | Lair:4   | Noticed Timinator's ghost (journeyman FoSk)
 16735 | Lair:4   | Reached XP level 13. HP: 113/114 MP: 12/12
 17029 | Lair:4   | Killed Timinator's ghost
 17029 | Lair:4   | Reached skill level 16 in Axes
 17236 | Lair:4   | Got an ebony hand crossbow
 17237 | Lair:4   | Identified the +8 hand crossbow "Sas Kustru" {venom, +Blink} (You found it on level 4 of the Lair of Beasts)
 18685 | Lair:5   | Reached skill level 5 in Bows
 19117 | Lair:6   | Entered Level 6 of the Lair of Beasts
 19175 | Lair:6   | Noticed an entropy weaver
 19242 | Lair:6   | Noticed an entropy weaver
 19245 | Lair:6   | Killed an entropy weaver
 19255 | Lair:6   | Killed an entropy weaver
 19440 | Lair:6   | Received a gift from Trog
 19746 | Lair:6   | Noticed Snorg
 19764 | Lair:6   | Killed Snorg
 19772 | Lair:6   | Reached skill level 17 in Axes
 20238 | Lair:6   | Paralysed by a hornet for 1 turns
 20303 | Lair:6   | Reached XP level 14. HP: 119/126 MP: 13/13
 20623 | Lair:6   | Received a gift from Trog
 21102 | Lair:6   | Found a viscous altar of Jiyva.
 21103 | Lair:6   | Found a staircase to the Slime Pits.
 21353 | Snake:1  | Entered Level 1 of the Snake Pit
 22035 | Snake:1  | Reached skill level 5 in Dodging
 22812 | Snake:1  | Received a gift from Trog
 22819 | Snake:1  | Reached skill level 10 in Bows
 23876 | Snake:2  | Reached skill level 18 in Axes
 23877 | Snake:2  | Noticed Aizul
 23877 | Snake:2  | Reached XP level 15. HP: 35/136 MP: 14/14
 23894 | Snake:2  | Killed from afar by a naga mage

Skill      XL: |  1  2  3  4  5  6  7  8  9 10 11 12 13 14 |
---------------+-------------------------------------------+-----
Axes           | 4 5 6 8 10 11 12 14 15 17 18 | 18.0
Fighting       | 4 5 6 7 8 9 10 12 13 | 13.5
Throwing       | 1 2 3 4 6 7 9 |  9.8
Armour         | 3 4 5 6 7 9 10 11 12 13 | 13.5
Dodging        | 3 4 5 |  5.1
Shields        | 1 3 4 |  4.3
Stealth        | 1 2 |  2.3
Bows           | 4 6 10 | 10.5

Action                   |  1- 3 |  4- 6 |  7- 9 | 10-12 | 13-15 || total
-------------------------+-------+-------+-------+-------+-------++-------
Melee: Hand axe          |    89 |   371 |       |       |       ||   460
       Headbutt          |    12 |   148 |    59 |    92 |    79 ||   390
       War axe           |       |    29 |   287 |    44 |       ||   360
       Battleaxe         |       |       |       |   360 |   440 ||   800
       Dagger            |       |       |       |     3 |       ||     3
 Fire: Longbow           |       |       |       |    70 |   241 ||   311
Throw: Stone             |    58 |    37 |    61 |    73 |       ||   229
       Javelin           |       |       |    65 |    88 |    10 ||   163
Invok: Berserk           |       |     4 |     6 |     9 |     7 ||    26
       Trog's Hand       |       |       |     3 |     2 |     1 ||     6
       Burn Spellbooks   |       |       |       |       |     3 ||     3
       Brothers in Arms  |       |       |       |       |     1 ||     1
Evoke: Wand              |       |       |       |     1 |       ||     1
  Use: Scroll            |       |     4 |    14 |    15 |    11 ||    44
       Potion            |       |       |       |     2 |     3 ||     5
  Eat: Chunk             |     3 |     6 |    20 |    31 |    24 ||    84
       Meat ration       |       |     1 |       |       |       ||     1
       Fruit             |       |       |       |     3 |     4 ||     7
       Royal jelly       |       |       |       |     1 |       ||     1
       Bread ration      |       |       |       |       |     1 ||     1
Armor: Animal skin       |     5 |       |       |       |       ||     5
       Scale mail        |    36 |    19 |       |       |       ||    55
       Chain mail        |       |    20 |   123 |   175 |   245 ||   563
Dodge: Dodged            |    43 |    51 |    73 |   177 |   214 ||   558
       Deflected         |       |       |       |       |    15 ||    15
Block: Buckler           |       |       |    40 |     9 |       ||    49
       Other             |       |       |       |       |    32 ||    32
       Reflection        |       |       |       |       |     1 ||     1
